 Dungeon Crawl Stone Soup version 0.25-a0-35-g747a2b3c0c (webtiles) character file.

Game seed: 5690362645259756843, levelgen mode: deterministic

5436 Gargoyl the Chopper (level 10, -2/83 HPs)
             Began as a Centaur Abyssal Knight on Oct 19, 2019.
             Was a High Priest of Lugonu.
             Slain by Gastronok (34 damage)
             ... on level 8 of the Dungeon.
             The game lasted 00:14:56 (9112 turns).

Gargoyl the Chopper (Centaur Abyssal Knight)        Turns: 9112, Time: 00:14:57

Health: -2/83      AC: 10    Str: 16    XL:     10   Next: 41%
Magic:  15/15      EV:  5    Int: 11    God:    Lugonu [*****.]
Gold:   412        SH: 14    Dex: 14    Spells: 9/9 levels left

rFire    . . .     SeeInvis .   h - +0 war axe (elec)
rCold    + . .     Gourm    .   y - +0 large shield {reflect}
rNeg     . . .     Faith    .   g - +0 scale mail
rPois    .         Spirit   .   (no helmet)
rElec    .         Reflect  +   i - +0 cloak
rCorr    +         Harm     .   B - +0 pair of gloves
MR       .....                  (no barding)
Stlth    ..........             m - amulet of the acrobat
HPRegen  0.23/turn              j - ring of resist corrosion
MPRegen  0.14/turn              n - +3 ring of dexterity

@: slowed
A: large, hooves 3, cold resistance 1, deformed body, speed 2, tough skin 3,
subdued magic 1
a: Depart the Abyss, Bend Space, Banish, Corrupt, Enter the Abyss, Renounce
Religion


You were on level 8 of the Dungeon.
You worshipped Lugonu.
Lugonu was extremely pleased with you.
You were not hungry.

You visited 1 branch of the dungeon, and saw 8 of its levels.
You visited the Abyss 1 time.
You also visited: Ossuary.

You collected 627 gold pieces.
You spent 215 gold pieces at shops.

Inventory:

Hand Weapons
 h - a +0 war axe of electrocution (weapon)
 r - a +2 hand axe of chopping
 C - a +0 broad axe
Missiles
 s - 7 javelins (quivered)
Armour
 g - a +0 scale mail (worn)
 i - a +0 cloak (worn)
 y - a +0 large shield of reflection (worn)
 B - a +0 pair of gloves (worn)
Jewellery
 j - a ring of resist corrosion (left hand)
 m - an amulet of the acrobat (around neck)
 n - a +3 ring of dexterity (right hand)
Wands
 a - a wand of paralysis (7)
 b - a wand of polymorph (10)
Scrolls
 d - 12 scrolls of teleportation
 k - a scroll of identify
 t - 2 scrolls of remove curse
Potions
 f - 2 potions of magic
 l - 7 potions of curing
 o - a potion of invisibility
 p - a potion of might
 q - 2 potions of mutation
 u - a potion of heal wounds
 v - a potion of flight
 w - a potion of resistance
 x - a potion of haste {unknown}
 z - a potion of lignification
 A - a potion of ambrosia {unknown}
Comestibles
 c - 26 rations


   Skills:
 + Level 5.8 Fighting
 + Level 7.8 Axes
 + Level 0.4 Throwing
 * Level 6.1 Armour
 + Level 2.6 Dodging
 * Level 4.7 Shields
 * Level 6.6 Invocations


You had 9 spell levels left.
You didn't know any spells.
Your spell library contained the following spells:

 Spells                   Type           Power        Failure   Level  Hunger
 Animate Skeleton         Necr           N/A          100%        1    ##.....
 Apportation              Tloc           #.....       100%        1    ##.....
 Confusing Touch          Hex            #.....       100%        1    ##.....
 Summon Small Mammal      Summ           #...         100%        1    ##.....


Dungeon Overview and Level Annotations

Branches:
Dungeon (8/15)             Temple (0/1) D:6         Ossuary (visited)
   Lair: D:8-11

Altars:
Ashenzari
Cheibriados
Dithmenos
Elyvilon
Fedhas
Nemelex Xobeh
Qazlal
Vehumet
Yredelemnul
Zin

Shops:
D:5 *   D:7 :![**

Annotations:
D:8 Gastronok


Innate Abilities, Weirdness & Mutations

You have hooves in place of feet.
Armour fits poorly on your strangely shaped body.
You cover ground very quickly.
You have extremely tough skin. (AC +3)
Your flesh is cold resistant. (rC+)
Your spells are a little easier to cast, but a little less powerful.


Message History

Gastronok is lightly wounded.
You slash Gastronok! You kick Gastronok.
Gastronok is moderately wounded.
Gastronok bites you!!
You slash Gastronok! Lightning courses through Gastronok! You kick Gastronok.
Gastronok is heavily wounded.
Gastronok looks at you while chanting.
You feel yourself slow down.
You hit Gastronok.
Gastronok is heavily wounded.
Gastronok bites you.
You hit Gastronok but do no damage. You kick Gastronok.
Gastronok is heavily wounded.
You slash Gastronok! You kick Gastronok, but do no damage.
Gastronok is severely wounded.
Gastronok bites you!
You hit Gastronok but do no damage. You kick Gastronok!
Gastronok is severely wounded.
Gastronok bites you!!
You die...

..............#≈≈...#..
.........####.#≈.8..##.
........# #.#.....###
......####.##...## #
#.........###.## ##
#.........##...###.
#..........##...#..
########.!...........[..
......w@............####
....................#...
....................#'##
....^..................#
.........#######.......#
.........# ##..#...#
.....!...# #..#....
.........# #..#...#
##.#..##


You could see Gastronok.

Vanquished Creatures
  Harold (D:7)
  The ghost of Linguinho the Chucker, a novice TrHu (D:4)
  Grinder (D:3)
  The ghost of oberejnoburuli the Spear-Bearer, an amateur MfGl (D:3)
  Prince Ribbit (D:7)
  Sigmund (D:2)
  The ghost of EtherCrawl the Cudgeler, an amateur TrFi (D:4)
  4 hogs (D:7)
  2 steam dragons (D:8)
  A human (D:7)
  An orc warrior (D:6)
  2 phantoms (D:4)
  4 ogres
  A centaur (D:7)
  A big kobold (D:7)
  4 bullfrogs
  A howler monkey (D:4)
  4 crimson imps (D:5)
  2 quasits
  A centaur zombie (D:5)
  3 jellies
  Crazy Yiuf (D:2)
  8 orc wizards
  2 bullfrog skeletons (D:5)
  2 centaur skeletons
  9 orc priests
  2 hounds (D:4)
  Jessica (D:3)
  An iguana (D:4)
  5 worker ants
  2 big kobold zombies (Ossuary)
  A hound zombie (D:7)
  8 mummies (Ossuary)
  A worker ant zombie (D:6)
  5 adders
  A howler monkey skeleton (D:5)
  An ooze (D:5)
  3 adder skeletons
  4 worms
  2 dart slugs (D:3)
  8 leopard geckos
  28 orcs
  2 ball pythons (D:5)
  9 bats
  3 giant cockroaches
  4 goblins
  8 hobgoblins
  9 jackals
  A quokka (D:6)
  2 frilled lizards
  A hobgoblin zombie (Ossuary)
  5 kobolds
  A kobold zombie (Ossuary)
  A leopard gecko skeleton (D:5)
  2 leopard gecko zombies
  4 orc zombies (Ossuary)
  A quokka skeleton (D:4)
  8 rats
194 creatures vanquished.

Vanquished Creatures (others)
  4 withered plants (D:4)
4 creatures vanquished.

Grand Total: 198 creatures vanquished

Notes
Turn   | Place    | Note
-------+----------+-------------------------------------------
     0 | Abyss:1  | Gargoyl the Centaur Abyssal Knight began the quest for the
                  | Orb.
     0 | Abyss:1  | Reached XP level 1. HP: 19/19 MP: 2/2
   190 | Abyss:2  | Noticed a worldbinder
   237 | Abyss:4  | Found a corrupted altar of Lugonu.
   259 | Abyss:4  | Noticed a large abomination
   269 | Abyss:4  | Found a corrupted altar of Lugonu.
   294 | Abyss:4  | Noticed a thrashing horror
   295 | D:1      | Escaped the Abyss
   414 | D:1      | Reached * piety under Lugonu
   415 | D:1      | Reached skill level 2 in Axes
   415 | D:1      | Reached XP level 2. HP: 20/26 MP: 3/3
  1242 | D:2      | Found a white marble altar of Elyvilon.
  1242 | D:2      | Noticed Sigmund
  1253 | D:2      | Killed Sigmund
  1253 | D:2      | Reached skill level 1 in Dodging
  1253 | D:2      | Reached skill level 1 in Shields
  1253 | D:2      | Reached XP level 3. HP: 26/33 MP: 4/4
  1253 | D:2      | Reached XP level 4. HP: 32/40 MP: 5/5
  1253 | D:2      | Reached XP level 5. HP: 36/46 MP: 6/6
  1384 | D:2      | Reached skill level 3 in Axes
  1493 | D:2      | Found a basalt altar of Yredelemnul.
  1697 | D:2      | Found a runed translucent door.
  1698 | D:2      | Noticed Crazy Yiuf
  1707 | D:2      | Killed Crazy Yiuf
  1935 | D:3      | Reached ** piety under Lugonu
  1962 | D:3      | Reached XP level 6. HP: 52/52 MP: 8/8
  2117 | D:3      | Noticed Grinder
  2127 | D:3      | Killed Grinder
  2214 | D:3      | Noticed Jessica
  2217 | D:3      | Killed Jessica
  2217 | D:3      | Reached XP level 7. HP: 59/59 MP: 9/9
  2332 | D:3      | Found a runed translucent door.
  2333 | D:3      | Noticed oberejnoburuli's ghost (amateur MfGl)
  2345 | D:3      | Killed oberejnoburuli's ghost
  2345 | D:3      | Reached skill level 4 in Axes
  2619 | D:3      | Found a sparkling altar of Nemelex Xobeh.
  2826 | D:4      | Found a runed translucent gate.
  2827 | D:4      | Found a runed translucent gate.
  2828 | D:4      | Found a runed translucent gate.
  2831 | D:4      | Noticed EtherCrawl's ghost (amateur TrFi)
  2835 | D:4      | Noticed Linguinho's ghost (novice TrHu)
  2869 | D:4      | Found a shadowy altar of Dithmenos.
  2885 | D:4      | Reached XP level 8. HP: 37/66 MP: 9/11
  3167 | D:4      | Got a brightly glowing ring mail
  3329 | D:4      | Identified the +4 ring mail of Space {rPois Slay-5 Stlth+}
                  | (You found it on level 4 of the Dungeon)
  3837 | D:4      | Reached *** piety under Lugonu
  3841 | D:4      | Reached skill level 5 in Axes
  4212 | D:4      | Killed Linguinho's ghost
  4217 | D:4      | Killed EtherCrawl's ghost
  4217 | D:4      | Reached skill level 5 in Invocations
  4381 | D:5      | Entered Level 5 of the Dungeon
  4495 | D:5      | Reached XP level 9. HP: 63/73 MP: 12/12
  4705 | D:5      | Found Edumnum's General Store.
  4715 | D:5      | Found a stormy altar of Qazlal.
  4781 | D:5      | Reached skill level 6 in Axes
  4784 | D:5      | Found a sparkling altar of Nemelex Xobeh.
  4812 | D:5      | Found a blossoming altar of Fedhas.
  4968 | D:5      | Found a glowing silver altar of Zin.
  4973 | D:5      | Found a snail-covered altar of Cheibriados.
  5141 | D:5      | Found a sand-covered staircase.
  5159 | Ossuary  | Entered an ossuary
  5172 | Ossuary  | Reached **** piety under Lugonu
  5174 | Ossuary  | Reached skill level 5 in Fighting
  5590 | D:5      | Gained mutation: You tend to lose your temper in combat.
                  | [potion of mutation]
  5590 | D:5      | Gained mutation: Your flesh is cold resistant. (rC+)
                  | [potion of mutation]
  5590 | D:5      | Gained mutation: Your spells are a little easier to cast,
                  | but a little less powerful. [potion of mutation]
  5590 | D:5      | Lost mutation: You tend to lose your temper in combat.
                  | [potion of mutation]
  5741 | D:6      | Found a staircase to the Ecumenical Temple.
  5755 | D:6      | Found a shattered altar of Ashenzari.
  5873 | D:6      | Reached skill level 5 in Armour
  6533 | D:6      | Reached skill level 7 in Axes
  7245 | D:7      | Found Giod's Distillery.
  7248 | D:7      | Bought a potion of heal wounds for 65 gold pieces
  7248 | D:7      | Bought a potion of heal wounds for 65 gold pieces
  7260 | D:7      | Found Ineposis's Armour Shop.
  7268 | D:7      | Bought a +0 large shield of reflection for 85 gold pieces
  7286 | D:7      | Found Wafema's Assorted Antiques.
  7462 | D:7      | Reached XP level 10. HP: 52/81 MP: 14/14
  7733 | D:7      | Found Jesaohaedgh's Assorted Antiques.
  7815 | D:7      | Noticed Harold
  7829 | D:7      | Killed Harold
  8105 | D:7      | Noticed Prince Ribbit
  8160 | D:7      | Killed Prince Ribbit
  8422 | D:7      | Found a radiant altar of Vehumet.
  8439 | D:7      | Found Jetufibb's Book Emporium.
  8663 | D:8      | Reached ***** piety under Lugonu
  9095 | D:8      | Noticed Gastronok
  9112 | D:8      | Slain by Gastronok

Levels and vault maps discovered:
D:1:      mushboom_english_gardens, layout_loops_cross, minmay_pentomino_z2
D:2:      layout_rooms, kennysheep_ying_yang, uniq_sigmund,
          uniq_crazy_yiuf_cottage
D:3:      layout_basic, marbit_many_paths, first_ration, gammafunk_ghost_grave,
          uniq_jessica, uniq_grinder
D:4:      layout_loops_corners, kennysheep_little_box, gammafunk_ghost_cemetery
D:5:      layout_loops_cross, lemuel_crystal_altar, minitemple,
          lightli_ossuary_entry_decrepit_ruins, serial_shops,
          nicolae_shop_trees, nemelex_dance_club_becter
D:6:      layout_loops_ring, evilmike_ruin_ashenzari,
          minmay_temple_entry_butterflies
D:7:      layout_basic, old_standard_altar, serial_shops, shop,
          nicolae_shop_overgrown_old_shop, nicolae_shop_crystal, shop, shop,
          grunt_livestock, kennysheep_nondescript, kennysheep_cross_room,
          uniq_prince_ribbit1, uniq_harold
D:8:      cheibrodos_steamvent, layout_basic, lemuel_crystal_altar, uniq_joseph,
          uniq_gastronok

Skill      XL: |  1  2  3  4  5  6  7  8  9 10 |
---------------+-------------------------------+-----
Axes           | 2 3 4 5 7 |  7.8
Armour         | 2 3 4 5 6 |  6.1
Dodging        | 1 2 |  2.6
Shields        | 1 2 3 4 |  4.7
Invocations    | 3 4 5 6 |  6.6
Fighting       | 4 5 |  5.8
Throwing       | |  0.4

Action                   |  1- 3 |  4- 6 |  7- 9 | 10-12 || total
-------------------------+-------+-------+-------+-------++-------
Melee: War axe           |    75 |    75 |   366 |    90 ||   606
       Kick              |     8 |    17 |   100 |    27 ||   152
Throw: Javelin           |       |       |     7 |       ||     7
Invok: Depart the Abyss  |     1 |       |       |       ||     1
  Use: Scroll            |     6 |     1 |    10 |     3 ||    20
       Potion            |     2 |       |     2 |     1 ||     5
  Eat: Chunk             |       |     2 |    15 |     5 ||    22
Armor: Scale mail        |    47 |    40 |   131 |    34 ||   252
       Skin              |       |       |    11 |       ||    11
       Ring mail         |       |       |     7 |       ||     7
Dodge: Dodged            |    29 |    47 |   141 |    20 ||   237
Block: Buckler           |    12 |    10 |    79 |       ||   101
       Large shield      |       |       |    49 |    57 ||   106
       Reflection        |       |       |     1 |     1 ||     2

Table legend:
 A = Non-vault XP
 B = Vault XP
 C = Vault XP percentage of total XP
 D = Non-vault monster count
 E = Vault monster count
 F = Vault count percentage of total count
                 A         B        C        D         E       F
            +---------+---------+-------+---------+---------+-------
      Total |    3290 |    4477 |  57.6 |     159 |      35 |  18.0
            +---------+---------+-------+---------+---------+-------
        D:1 |      33 |       0 |   0.0 |      18 |       0 |   0.0
        D:2 |      35 |     262 |  88.2 |      16 |       2 |  11.1
        D:3 |     141 |     578 |  80.4 |      20 |       4 |  16.7
        D:4 |     941 |     699 |  42.6 |      36 |       2 |   5.3
        D:5 |     478 |     128 |  21.1 |      18 |       2 |  10.0
        D:6 |     847 |       0 |   0.0 |      24 |       0 |   0.0
        D:7 |     634 |    2240 |  77.9 |      19 |       7 |  26.9
        D:8 |     181 |     370 |  67.2 |       8 |       2 |  20.0
    Ossuary |       0 |     200 | 100.0 |       0 |      16 | 100.0
            +---------+---------+-------+---------+---------+-------
